 Dungeon Crawl Stone Soup version 0.20.0-4-g10b340a (webtiles) character file.

250 grisnicke the Ruffian (level 6, -3/52 HPs)
             Began as a Ghoul Monk on May 27, 2017.
             Slain by an ogre
             ... wielding a +0 giant club
              (25 damage)
             ... on level 3 of the Dungeon.
             The game lasted 00:11:02 (2806 turns).

grisnicke the Ruffian (Ghoul Monk)                  Turns: 2806, Time: 00:11:03

Health: -3/52      AC:  9    Str: 16    XL:     6   Next: 13%
Magic:  5/5        EV:  7    Int:  5    God:
Gold:   27         SH:  0    Dex: 12    Spells: 5/5 levels left

rFire    . . .     SeeInvis .     - Unarmed
rCold    + . .     Gourm    .   (no shield)
rNeg     + + +     Faith    .   c - +0 chain mail
rPois    ∞         Spirit   .   (no helmet)
rElec    .         Reflect  .   (no cloak)
rCorr    .         Harm     .   (no gloves)
MR       .....                  z - +0 pair of boots
Stlth    ..........             (no amulet)
Regen    0.0/turn               (no ring)
MPRegen  0.1/turn               (no ring)

@: rotting
A: rotting body, claws 1, carnivore 3, cold resistance 1, negative energy
resistance 3, inhibited regeneration, torment resistance, unbreathing
a: no special abilities


You were on level 3 of the Dungeon.
You were not hungry.

You visited 1 branch of the dungeon, and saw 4 of its levels.

You collected 139 gold pieces.
You spent 112 gold pieces at shops.

Inventory:

Hand Weapons
 b - a +0 blowgun
   (You took it off a kobold on level 3 of the Dungeon)
Missiles
 e - 40 stones (quivered)
 t - 9 poisoned needles
 u - 9 needles of confusion
Armour
 a - a +0 robe
 c - a +0 chain mail (worn)
   (You found it on level 1 of the Dungeon)
 z - a +0 pair of boots (worn)
   (You bought it in a shop on level 4 of the Dungeon)
Wands
 w - a wand of paralysis (7/24)
   (You found it on level 3 of the Dungeon)
 y - a wand of iceblast (9/15)
   (You took it off an orc on level 4 of the Dungeon)
Scrolls
 j - 2 scrolls of teleportation {unknown}
 l - 2 scrolls of enchant weapon {unknown}
 m - a scroll of noise {unknown}
 n - a scroll of enchant armour {unknown}
 o - 2 scrolls of remove curse {unknown}
 p - 2 scrolls of identify {unknown}
 v - a scroll of fog {unknown}
 x - a scroll of amnesia {unknown}
Potions
 d - a potion of curing {unknown}
 h - a potion of haste {unknown}
 i - a potion of heal wounds {unknown}
 k - a potion of berserk rage {unknown}
 q - a potion of mutation {unknown}
 r - a potion of flight {unknown}
Comestibles
 f - 12 chunks of flesh {@w0}
 g - 3 royal jellies
 s - a meat ration {@e2}


   Skills:
 + Level 4.2 Fighting
 - Level 2.6 Dodging
 - Level 2.1 Stealth
 + Level 6.7 Unarmed Combat


You had 5 spell levels left.
You didn't know any spells.

Dungeon Overview and Level Annotations

Branches:
Dungeon (4/15)
 Temple: D:4-7

Altars:

Shops:
D:4 (%*

Annotations:
D:4 Blork the orc


Innate Abilities, Weirdness & Mutations

Your body is rotting away.
You thrive on raw meat.
You are immune to poison.
You have sharp fingernails.
You are carnivorous and can eat meat at any time.
Your flesh is cold resistant. (rC+)
You are immune to negative energy. (rN+++)
You do not regenerate when monsters are visible.
You are immune to unholy pain and torment.
You can survive without breathing.


Message History

You shoot a poisoned needle.
The poisoned needle completely misses the worker ant.
The worker ant misses you.
Aim: a worker ant You shoot a poisoned needle.
The poisoned needle hits the worker ant.
The worker ant closely misses you.
Aim: a worker ant You shoot a poisoned needle.
The poisoned needle barely misses the worker ant.
The poisoned needle hits the iguana.
The worker ant barely misses you.
The iguana hisses menacingly.
You are now empty-clawed.
You claw the worker ant! The worker ant bites you.
The worker ant bites you but does no damage.
You take 2 damage, and have 44/46 hp.
Your chain mail prevents you from hitting the worker ant.
You scratch the worker ant.
You kill the worker ant!
Your Fighting skill increases to level 4!
You barely miss the iguana.
The iguana bites you but does no damage.
You claw the iguana!
You scratch the iguana but do no damage.
The iguana barely misses you.
You barely miss the iguana. The iguana bites you.
You take 5 damage, and have 39/46 hp.
You claw the iguana!
You kill the iguana!
You have reached level 6!
Your experience leads to an increase in your attributes!
Increase (S)trength, (I)ntelligence, or (D)exterity?
You feel agile.
You regained 5 hp, and now have 44/52 hp.
MP restored: 5
t - 9 poisoned needles (gained 1)
You see here a club.
t - 10 poisoned needles (gained 1)
A quokka comes into view.
You see here a poisoned needle.
t - 11 poisoned needles (gained 1)
t - 12 poisoned needles (gained 1)
t - 13 poisoned needles (gained 1)
e - 30 stones (gained 1)
There is an entrance to Ymoarr's Assorted Antiques here.
z - a pair of boots Thank you for shopping at Ymoarr's Assorted Antiques!
Wear which item? (? for menu, Esc to quit)
You start putting on your armour.
You continue putting on your pair of boots. x4
You finish putting on your +0 pair of boots.
l - 2 scrolls labeled XACUEL DUIGELINT (gained 1)
e - 40 stones (gained 10) Health restored: 52 An adder skeleton comes into view.
An orc comes into view.
Your chain mail prevents you from hitting the adder skeleton.
The adder skeleton bites you but does no damage.
You claw the adder skeleton!
The adder skeleton bites you but does no damage.
You claw the adder skeleton!
You destroy the adder skeleton!
You claw the orc!
You kill the orc!
No target in view!
Things that are here:
a leather armour; an orc corpse You butcher the orc corpse.
f - 12 chunks of flesh {@w0} (gained 2)
You see here a leather armour.
Blork the orc comes into view.
He is wielding a mace.
Blork the orc shouts!
An ogre comes into view. It is wielding a giant club.
The ogre shouts!
Blork the orc screams, "I'll break your arms!"
Blork the orc begins to cast a cantrip, but forgets the words!
There is a stone staircase leading up here.
b - a +0 blowgun (weapon)
Aim: an ogre, wielding a giant club You shoot a poisoned needle.
The poisoned needle hits the ogre.
The ogre is poisoned.
Aim: an ogre, wielding a giant club (lightly wounded, poisoned)
You shoot a poisoned needle.
The poisoned needle barely misses the ogre.
Aim: an ogre, wielding a giant club (lightly wounded, poisoned)
You shoot a poisoned needle. The poisoned needle hits the ogre.
Aim: an ogre, wielding a giant club (lightly wounded, poisoned)
You shoot a poisoned needle. The poisoned needle hits the ogre.
The ogre looks even sicker.
The ogre hits you with a giant club!
You climb upwards.
There is a stone staircase leading down here.
You take 16 damage, and have 36/52 hp.
MASSIVE DAMAGE!!
You are now empty-clawed.
You barely miss the ogre. The ogre hits you with a giant club!
You take 14 damage, and have 22/52 hp.
MASSIVE DAMAGE!!
You scratch the ogre. The ogre hits you with a giant club!!
You die...

...........###.#.###.##...#.#..#.
...........# #.#.# #.##..##.#....
...........###...###.##....)...#.
...........#.....^...###.##.##...
...........#.........# #.##.##...
...........#.........# #.##......
..........[#.........# #.##.##...
...........#...O.....# #....##...
############....@....# ########..
###.......# #.... ######### #.###
#.... #####


You could see an ogre.

Vanquished Creatures
  An orc priest (D:4)
  An iguana (D:4)
  A worker ant (D:4)
  7 adders
  2 oozes
  3 worms
  An adder skeleton (D:4)
  2 dart slugs (D:1)
  2 leopard geckos
  6 orcs
  7 bats
  2 giant cockroaches
  7 goblins
  6 hobgoblins
  7 jackals
  A quokka (D:2)
  A ball python (D:1)
  A ball python skeleton (D:4)
  7 frilled lizards
  5 kobolds
  10 rats
80 creatures vanquished.

Notes
Turn   | Place    | Note
-------+----------+-------------------------------------------
     0 | D:1      | grisnicke the Ghoul Monk began the quest for the Orb.
     0 | D:1      | Reached XP level 1. HP: 19/19 MP: 0/0
   242 | D:1      | Reached XP level 2. HP: 26/26 MP: 1/1
   272 | D:1      | Reached skill level 4 in Unarmed Combat
   593 | D:1      | Reached XP level 3. HP: 31/31 MP: 2/2
   859 | D:2      | Reached skill level 5 in Unarmed Combat
  1089 | D:2      | Reached XP level 4. HP: 38/38 MP: 3/3
  1973 | D:3      | Reached skill level 6 in Unarmed Combat
  2035 | D:3      | Reached XP level 5. HP: 40/45 MP: 4/4
  2067 | D:3      | You fall through a shaft!
  2067 | D:4      | Found Fubun's Food Shoppe.
  2072 | D:4      | Found Mumir's Antique Weapon Boutique.
  2682 | D:4      | Found Ymoarr's Assorted Antiques.
  2718 | D:4      | Reached skill level 4 in Fighting
  2723 | D:4      | Reached XP level 6. HP: 44/52 MP: 5/5
  2749 | D:4      | Bought a pair of boots for 112 gold pieces
  2789 | D:4      | Noticed Blork the orc
  2806 | D:3      | Slain by an ogre

Skill      XL: |  1  2  3  4  5 |
---------------+----------------+-----
Unarmed Combat | 4 5 6 |  6.7
Fighting       | 4 |  4.2
Dodging        | |  2.6
Stealth        | |  2.1

Action                   |  1- 3 |  4- 6 || total
-------------------------+-------+-------++-------
Melee: Unarmed           |    98 |   148 ||   246
       Punch             |     1 |       ||     1
 Fire: Blowgun           |       |    10 ||    10
Throw: Stone             |     3 |    36 ||    39
 Stab: Sleeping          |     1 |       ||     1
  Eat: Chunk             |     8 |     8 ||    16
Armor: Chain mail        |    51 |    54 ||   105
Dodge: Dodged            |    30 |    43 ||    73

Vault maps used:
D:1:      minmay_arrival_three_doors, corexii_corridor_pit, minmay_hexomino_p4
D:3:      first_bread
D:4:      serial_shops, shop_fountains, shop, shop, shop,
          nicolae_shop_overgrown_old_shop, uniq_blork_the_orc

Table legend:
 A = Turns spent in this place as a percentage of turns spent in the entire game.
 B = Non-inter-level travel turns spent in this place as a percentage of non-inter-level travel turns spent in the entire game.
 C = Inter-level travel turns spent in this place as a percentage of turns spent in this place.
 D = Turns resting spent in this place as a percentage of non-inter-level travel turns spent in this place.
 E = Turns spent auto-exploring this place as a percentage of non-inter-level travel turns spent in this place.
 F = Non-inter-level travel turns spent in this place divided by the number of levels of this place that you've seen.
                   A       B       C       D       E      F
               +-------+-------+-------+-------+-------+----------------------
         Total | 100.0 | 100.0 |   0.6 |   0.2 |   7.2 | 238.5
       Dungeon | 100.0 | 100.0 |   0.6 |   0.2 |   7.2 | 238.5
               +-------+-------+-------+-------+-------+----------------------

Table legend:
 A = Kills in this place as a percentage of kills in entire the game.
 B = Kills by you in this place as a percentage of kills by you in the entire game.
 C = Kills by friends in this place as a percentage of kills by friends in the entire game.
 D = Other kills in this place as a percentage of other kills in the entire game.
 E = Experience gained in this place as a percentage of experience gained in the entire game.
 F = Experience gained in this place divided by the number of levels of this place that you have seen.
                   A       B       C       D       E      F
               +-------+-------+-------+-------+-------+----------------------
         Total | 100.0 | 100.0 |  -nan |  -nan | 100.0 |  89.5
       Dungeon | 100.0 | 100.0 |  -nan |  -nan | 100.0 |  89.5
               +-------+-------+-------+-------+-------+----------------------
